 Dungeon Crawl Stone Soup version 0.31.0-32-g396128a36d (webtiles) character file.

Game seed: 10691440064411734186

189584 imdaedric the Warrior (level 17, -10/168 HPs)
             Began as a Minotaur Fighter on Apr 13, 2024.
             Was a High Priest of Cheibriados.
             Killed by the raging water
             ... invoked by a water nymph
              (28 damage)
             ... on level 1 of the Shoals on Apr 15, 2024.
             The game lasted 01:02:33 (23865 turns).

imdaedric the Warrior (Minotaur Fighter)           Turns: 23865, Time: 01:02:34

Health: -10/168    AC: 30    Str: 48    XL:     17   Next: 95%
Magic:  24/24      EV:  8    Int: 16    God:    Cheibriados [*****.]
Gold:   2907       SH:  0    Dex: 22    Spells: 16/16 levels left

rFire   . . .        a - +5 battleaxe (vamp)
rCold   . . .        (shield currently unavailable)
rNeg    . . .        I - +0 crystal plate armour
rPois   .            U - +1 hat
rElec   .            G - +0 cloak {rCorr}
rCorr   +            N - +1 pair of gloves {Str+3}
SInv    .            D - +0 pair of boots
Will    +....        d - amulet of regeneration Stlth
                     e - +6 ring of strength
HPRegen 1.28/turn    P - +4 ring of slaying
MPRegen 0.19/turn

%: no passive effects
@: very slow
A: horns 2, retaliatory headbutt
a: Renounce Religion, Bend Time, Temporal Distortion, Slouch, Step From Time


You were on level 1 of the Shoals.
You worshipped Cheibriados.
Cheibriados was extremely pleased with you.
You visited 5 branches of the dungeon, and saw 24 of its levels.
You also visited: Ossuary and Ice Cave.

You collected 3341 gold pieces.
You spent 434 gold pieces at shops.

Inventory:

Hand Weapons
 a - a +5 vampiric battleaxe (weapon)
 b - a +3 spear of freezing
 F - a +2 longbow of flaming
Missiles
 j - 4 curare-tipped darts (quivered)
Armour
 D - a +0 pair of boots (worn)
 G - a +0 cloak of preservation (worn)
 I - a +0 crystal plate armour (worn)
 N - a +1 pair of gloves of strength (worn)
 O - a +3 chain mail of fire resistance
 U - a +1 hat (worn)
Jewellery
 c - a ring of positive energy
 d - an amulet of regeneration (around neck)
 e - a +6 ring of strength (left hand)
 s - a +4 ring of protection
 u - the ring "Xuaru" {Fire rPois rN++ Will- Slay+2}
   (You found it on level 2 of the Lair of Beasts)

   [ring of fire]

   Fire:      It enhances your fire magic.
   Slay+2:    It affects your accuracy & damage with ranged weapons and melee
   (+2).
   rF+:       It protects you from fire.
   rC-:       It makes you vulnerable to cold.
   rPois:     It protects you from poison rN++: It greatly protects you from
   negative energy.
   Will-:     It decreases your willpower.
 w - a +5 ring of evasion
 K - a ring of protection from cold
 P - a +4 ring of slaying (right hand)
 Q - a ring of protection from fire
 Y - a +4 ring of protection
Wands
 m - a wand of quicksilver (9)
 o - a wand of mindburst (26)
 p - a wand of iceblast (39)
 J - a wand of flame (46)
 W - a wand of paralysis (5)
Scrolls
 f - a scroll of identify
 g - 6 scrolls of poison
 l - 8 scrolls of teleportation
 r - 3 scrolls of immolation
 v - a scroll of vulnerability
 y - 2 scrolls of blinking
 L - 2 scrolls of fog
 R - a scroll of butterflies
 S - a scroll of fear
 T - a scroll of brand weapon
 X - a scroll of silence
Potions
 h - 3 potions of brilliance
 i - 3 potions of cancellation
 k - 3 potions of heal wounds
 n - 4 potions of attraction
 q - 2 potions of magic {unknown}
 t - a potion of mutation {unknown}
 x - 9 potions of curing
 z - a potion of degeneration {unknown}
 A - 2 potions of enlightenment
 B - a potion of might
 C - 6 potions of lignification
 E - 5 potions of resistance
 H - a potion of berserk rage {unknown}
 M - a potion of invisibility
Miscellaneous
 V - a lightning rod (4/4)


   Skills:
 + Level 19.3 Fighting
 + Level 18.9 Axes
 + Level 6.5 Ranged Weapons
 - Level 4.6 Throwing
 - Level 14.9 Armour
 - Level 13.1 Shields
 + Level 11.9 Invocations


You had 16 spell levels left.
You didn't know any spells.
Your spell library contained the following spells:

 Spells                   Type           Power      Damage    Failure   Level
 Sting                    Conj/Alch      0%         1d3       83%         1
 Summon Small Mammal      Summ           0%         N/A       83%         1
 Call Imp                 Summ           0%         N/A       92%         2
 Cigotuvi's Dreadful Rot  Necr/Alch/Air  0%         N/A       92%         2
 Ensorcelled Hibernation  Hex/Ice        0%         N/A       92%         2
 Lesser Beckoning         Tloc           0%         N/A       92%         2
 Mercury Vapours          Alch/Air       0%         N/A       92%         2
 Sublimation of Blood     Necr           0%         N/A       92%         2
 Call Canine Familiar     Summ           0%         N/A       99%         3
 Fugue of the Fallen      Necr           0%         N/A       99%         3
 Gell's Gravitas          Tloc           0%         N/A       99%         3
 Sigil of Binding         Hex            0%         N/A       99%         3
 Summon Ice Beast         Ice/Summ       0%         N/A       99%         3
 Teleport Other           Tloc           0%         N/A       99%         3
 Anguish                  Hex/Necr       0%         N/A       100%        4
 Dimensional Bullseye     Hex/Tloc       0%         N/A       100%        4
 Dispel Undead            Necr           0%         3d6       100%        4
 Ignite Poison            Fire/Alch      0%         N/A       100%        4
 Martyr's Knell           Necr/Summ      0%         N/A       100%        4
 Olgreb's Toxic Radiance  Alch           0%         N/A       100%        4
 Passage of Golubria      Tloc           0%         N/A       100%        4
 Summon Blazeheart Golem  Fire/Summ      0%         N/A       100%        4
 Freezing Cloud           Conj/Ice/Air   0%         6-21      100%        5
 Silence                  Hex/Air        0%         N/A       100%        5
 Summon Mana Viper        Hex/Summ       0%         N/A       100%        5
 Death Channel            Necr           0%         N/A       100%        6
 Dispersal                Tloc           0%         N/A       100%        6
 Monstrous Menagerie      Summ           0%         N/A       100%        7
 Summon Hydra             Summ           0%         N/A       100%        7
 Lehudib's Crystal Spear  Conj/Erth      0%         10d2      100%        8


Dungeon Overview and Level Annotations

Branches:
Dungeon (15/15)            Temple (1/1) D:4            Lair (5/5) D:11
 Shoals (1/4) Lair:2        Snake (0/4) Lair:2        Slime (0/5) Lair:4
    Orc (2/2) D:12            Elf (0/3) Orc:2        Vaults (0/5) D:14
 Depths (0/4) D:15        Ossuary (visited)           IceCv (visited)

Altars:
Ashenzari
Cheibriados
Dithmenos
Elyvilon
Fedhas
Gozag
Hepliaklqana
Kikubaaqudgha
Makhleb
Nemelex Xobeh
Okawaru
Qazlal
Ru
Sif Muna
Trog
Uskayaw
Vehumet
Wu Jian
Xom
Yredelemnul
Zin
The Shining One
Jiyva

Shops:
D:1 =   D:2 =   D:7 [   Orc:2 :[((

Annotations:
D:11 2 transporters, PsychoBan's ghost, novice DsGl
Lair:4 1 runed translucent door


Innate Abilities, Weirdness & Mutations

You have a pair of horns on your head.
You reflexively headbutt those who attack you in melee.


Message History

The air twists around and strikes you.
The wind drake bites you but does no damage.
The water nymph gestures at you while chanting.
The water swirls and strikes you. The wind drake bites you.
Your unstable footing causes you to fumble your attack.
The water nymph touches you. The water nymph drowns you!
The wind drake bites you but does no damage.
You slice the wind drake like a ripe choko!!!
You feel better.
You kill the wind drake!
Cheibriados appreciates the change of pace.
You slash the water nymph!
You feel better. The water nymph touches you. The water nymph drowns you!
The water nymph touches you. The water nymph drowns you!
The water nymph gestures at you while chanting.
The water swirls and strikes you!!
* * * LOW HITPOINT WARNING * * *
You see here a wind drake corpse.
Your unstable footing causes you to fumble your attack.
The water nymph points at you and mumbles some strange words.
The water swirls and strikes you.
* * * LOW HITPOINT WARNING * * *
You hit the water nymph but do no damage.
Your headbutt misses the water nymph.
The water nymph is moderately wounded.
You closely miss the water nymph.
The water nymph is moderately wounded.
The water nymph touches you.
* * * LOW HITPOINT WARNING * * *
The water nymph drowns you!
* * * LOW HITPOINT WARNING * * *
Splash!
You fall into the shallow water.
Moving in this stuff is going to be slow.
The water nymph gestures at you while chanting.
The water swirls and strikes you!!
* * * LOW HITPOINT WARNING * * *
The water nymph points at you and mumbles some strange words.
The water swirls and strikes you!!
You die...

~~~~~~≈
~~~~~~~~~~~~~~~~≈≈≈≈PPP~~~
≈~~~~~~ ~~~~~~~≈≈≈≈≈PP.PP~
~~~~~~~ ....~~~≈≈≈≈≈PPP.~.
~~~~~~. ...~~~≈≈≈≈≈~~~~~.
~.~~~~. #.~~~~~≈≈≈≈P~~~~P
~~~~~~.###:~~~~~~≈≈~P≈≈≈≈≈
~~.~~~..~@~~~≈P~~~≈≈≈≈~~≈≈
~~~~~~~~)m~~≈≈~~~~≈≈≈≈≈P..
~~~~~~~~~~~≈≈≈≈≈~≈≈≈≈≈~.P.
~~~~~~~~~~~~≈≈≈≈~~≈≈≈≈..#.
~..~~~~~~~~)≈≈≈≈~~~≈≈≈..##
...~~~~~~~~~≈≈≈≈≈~≈≈≈≈~...
....~.~~~~~~≈≈PP≈≈≈≈≈.....
.##..~~~≈≈≈≈~~~~~~.~≈.....
#^.~~~≈≈≈≈≈P~~~~~..~.P.~


You could see a water nymph.

Vanquished Creatures
  Gastronok (D:10)
  Frances (D:14)
  A kraken (Shoals:1)
  Kirke (Shoals:1)
  An orc warlord (Orc:2)
  A reaper (IceCv)
  Nessos (D:12)
  2 ettins
  Josephine (D:12)
  An ogre mage (D:15)
  7 hydras
  5 centaur warriors (D:14)
  A death knight (D:14)
  Erica (D:11)
  7 two-headed ogres
  5 boulder beetles
  2 orc high priests
  Urug (Lair:3)
  A tengu warrior (D:11)
  9 death yaks
  A hell hog (Lair:5)
  An occultist (D:15)
  Sonja (D:11)
  2 skeletal warriors (D:14)
  Amaemon (Lair:3)
  A skyshark (Lair:5)
  5 sea snakes (Shoals:1)
  An arcanist (D:14)
  2 orc knights
  A harpy (shapeshifter) (D:15)
  A phantasmal warrior (D:14)
  A necromancer (D:15)
  2 oklob plants (Lair:1)
  An orc sorcerer (Orc:2)
  2 wolf spiders (Lair:5)
  Maurice (D:8)
  A deep elf pyromancer (D:14)
  5 cyclopes
  5 manticores
  14 ugly things
  6 meliai
  8 kobold blastminers
  5 elephants (Lair:4)
  A guardian serpent (Lair:5)
  2 torpor snails
  Joseph (D:8)
  27 cane toads
  10 black mambas
  An ice statue (IceCv)
  4 gargoyles
  An orange demon (Lair:3)
  2 unseen horrors (D:10)
  An anaconda simulacrum (IceCv)
  A kobold demonologist (D:14)
  5 rime drakes
  12 komodo dragons
  2 tengu conjurers
  2 merfolk (Shoals:1)
  3 hornets
  6 trolls
  14 polar bears
  4 wind drakes (Shoals:1)
  Prince Ribbit (Lair:2)
  A hornet (shapeshifter) (D:14)
  19 blink frogs
  2 raiju (Lair:5)
  Grinder (D:3)
  5 dream sheep
  2 snapping turtles
  8 slime creatures (D:12)
  2 water elementals
  Sigmund (D:5)
  19 wyverns
  Eustachio (D:6)
  8 wraiths
  38 yaks
  6 basilisks
  4 hogs (Shoals:1)
  A vampire (D:11)
  A redback (Lair:5)
  A vampire mosquito (D:11)
  A steam dragon (D:9)
  4 death yak simulacra (IceCv)
  8 wargs
  Menkaure (D:6)
  Edmund (D:6)
  A harpy simulacrum (IceCv)
  2 nagas (Lair:2)
  31 water moccasins
  5 acid dragons
  2 hydra simulacra (IceCv)
  15 hell hounds (Lair:5)
  24 orc warriors
  2 sky beasts
  15 black bears
  5 ice beasts
  4 laughing skulls
  10 ogres
  28 wolves
  13 centaurs
  A weeping skull (Ossuary)
  4 kobold brigands
  16 bullfrogs
  A gnoll sergeant (D:13)
  3 two-headed ogre simulacra (IceCv)
  7 scorpions
  A cane toad simulacrum (IceCv)
  14 wights (D:9)
  4 elephant simulacra (IceCv)
  4 killer bees (D:7)
  4 howler monkeys
  A jelly (D:5)
  A bombardier beetle (D:4)
  15 orc priests
  A gnoll bouda (D:7)
  2 hounds
  8 iguanas
  21 orc wizards
  2 polar bear simulacra (IceCv)
  2 troll simulacra (IceCv)
  7 spriggan simulacra (IceCv)
  3 mummies (Ossuary)
  12 gnolls
  7 adders
  11 naga simulacra (IceCv)
  A shadow imp (D:8)
  2 white imps
  7 ufetubi
  4 dart slugs
  3 ribbon worms
  71 orcs
  5 endoplasms
  4 giant cockroaches
  13 goblins
  5 hobgoblins
  7 jackals
  3 quokkas
  4 ball pythons
  6 bats
  A frilled lizard (D:1)
  3 gnoll skeletons (Ossuary)
  7 gnoll zombies (Ossuary)
  8 goblin skeletons (Ossuary)
  5 goblin zombies (Ossuary)
  5 hobgoblin skeletons (Ossuary)
  5 hobgoblin zombies (Ossuary)
  33 kobolds
  3 kobold skeletons (Ossuary)
  4 kobold zombies (Ossuary)
  3 orc skeletons (Ossuary)
  An orc zombie (Ossuary)
  3 rats
  3 rat skeletons (Ossuary)
  3 rat zombies (Ossuary)
  A spectral kobold (D:1)
  2 tentacles (Shoals:1)
887 creatures vanquished.

Vanquished Creatures (others)
  A hog (Shoals:1)
  5 tentacles (Shoals:1)
6 creatures vanquished.

Grand Total: 893 creatures vanquished

Notes
Turn   | Place    | Note
-------+----------+-------------------------------------------
     0 | D:1      | imdaedric the Minotaur Fighter began the quest for the Orb.
     0 | D:1      | Reached XP level 1. HP: 19/19 MP: 0/0
    91 | D:1      | Reached XP level 2. HP: 27/27 MP: 1/1
    92 | D:1      | Found Xown's Jewellery Boutique.
   133 | D:1      | Found a faded altar of an unknown god.
   396 | D:1      | Reached skill level 4 in Fighting
   806 | D:2      | Reached XP level 3. HP: 33/33 MP: 2/2
  1117 | D:2      | Found Juoxtu's Jewellery Boutique.
  1289 | D:2      | Reached XP level 4. HP: 31/41 MP: 3/3
  1787 | D:3      | Noticed a scorpion
  1795 | D:3      | Killed a scorpion
  1796 | D:3      | Reached XP level 5. HP: 31/47 MP: 4/4
  2268 | D:3      | Found a hazy altar of Hepliaklqana.
  2481 | D:3      | Found a sacrificial altar of Ru.
  2646 | D:3      | Noticed Grinder
  2655 | D:3      | Killed Grinder
  2656 | D:3      | Reached skill level 5 in Fighting
  2656 | D:3      | Reached skill level 5 in Armour
  2656 | D:3      | Reached skill level 5 in Shields
  2656 | D:3      | Reached XP level 6. HP: 27/56 MP: 5/5
  2966 | D:4      | Found a staircase to the Ecumenical Temple.
  2988 | Temple   | Entered the Ecumenical Temple
  3052 | Temple   | Became a worshipper of Cheibriados the Contemplative
  3105 | D:4      | Reached skill level 5 in Axes
  3133 | D:4      | Reached XP level 7. HP: 62/62 MP: 6/6
  3833 | D:5      | Entered Level 5 of the Dungeon
  3898 | D:5      | Reached * piety under Cheibriados
  3929 | D:5      | Found a broken altar of Ashenzari.
  3933 | D:5      | Reached skill level 6 in Fighting
  3951 | D:5      | Noticed Sigmund
  3997 | D:5      | Killed Sigmund
  4049 | D:5      | Found a glowing golden altar of the Shining One.
  4089 | D:5      | Reached XP level 8. HP: 66/71 MP: 7/7
  4222 | D:5      | Identified the +4 morningstar "Pytwu" {freeze, ^Fragile rC-
                  | Str+2 Dex+5}
  4425 | D:5      | You fall into a shaft and drop 2 floors!
  4481 | D:6      | Found a sand-covered staircase.
  4494 | D:6      | Noticed Edmund
  4496 | D:6      | Reached skill level 7 in Fighting
  4496 | D:6      | Reached skill level 1 in Throwing
  4496 | D:6      | Reached skill level 1 in Invocations
  4500 | D:6      | Noticed Menkaure
  4503 | D:6      | Killed Edmund
  4506 | D:6      | Killed Menkaure
  4525 | Ossuary  | Entered an ossuary
  5210 | D:5      | Found a stormy altar of Qazlal.
  5226 | D:5      | Reached XP level 9. HP: 48/79 MP: 9/9
  5443 | D:6      | Reached ** piety under Cheibriados
  5649 | D:6      | Noticed Eustachio
  5667 | D:6      | Killed Eustachio
  6330 | D:7      | Found a bloodstained altar of Trog.
  6369 | D:7      | Found Fosizuirgh's Antique Armour Emporium.
  6377 | D:7      | Reached skill level 8 in Fighting
  6497 | D:7      | Bought a glowing chain mail for 217 gold pieces
  6719 | D:8      | Reached *** piety under Cheibriados
  7092 | D:8      | Reached XP level 10. HP: 83/90 MP: 12/12
  7134 | D:8      | Reached **** piety under Cheibriados
  7141 | D:8      | Paralysed by a hornet for 3 turns
  7407 | D:8      | Noticed Maurice
  7422 | D:8      | Killed Maurice
  7476 | D:8      | Noticed Joseph
  7489 | D:8      | Killed Joseph
  7490 | D:8      | Reached skill level 9 in Fighting
  8158 | D:9      | Found a burning altar of Makhleb.
  8225 | D:9      | Reached skill level 5 in Invocations
  8296 | D:9      | Found an opulent altar of Gozag.
  8652 | D:10     | Entered Level 10 of the Dungeon
  9054 | D:10     | Reached XP level 11. HP: 81/99 MP: 10/14
  9069 | D:10     | Reached skill level 10 in Armour
  9161 | D:10     | Noticed a two-headed ogre
  9176 | D:10     | Killed a two-headed ogre
  9177 | D:10     | Reached skill level 10 in Fighting
  9177 | D:10     | Reached skill level 10 in Shields
  9253 | D:10     | Found a sparkling altar of Nemelex Xobeh.
  9256 | D:10     | Found a shimmering altar of Xom.
  9256 | D:10     | Found a glowing silver altar of Zin.
  9376 | D:10     | Reached ***** piety under Cheibriados
  9419 | D:10     | Noticed Gastronok
  9425 | D:10     | Reached skill level 10 in Axes
  9430 | D:10     | Killed Gastronok
  9730 | D:7      | Bought a pair of runed gloves for 217 gold pieces
  9875 | D:11     | Noticed a boulder beetle
  9879 | D:11     | Killed a boulder beetle
 10089 | D:11     | Noticed a tengu warrior
 10101 | D:11     | Killed a tengu warrior
 10102 | D:11     | Reached skill level 11 in Fighting
 10211 | D:11     | Noticed Erica
 10214 | D:11     | Reached XP level 12. HP: 96/110 MP: 6/16
 10550 | D:11     | Found a blossoming altar of Fedhas.
 10576 | D:11     | Noticed Sonja
 10767 | D:11     | Killed Erica
 10802 | D:11     | Found a staircase to the Lair.
 10807 | D:11     | Noticed a two-headed ogre
 10810 | D:11     | Killed a two-headed ogre
 10863 | D:11     | Killed Sonja
 10983 | D:11     | Noticed a two-headed ogre
 10986 | D:11     | Killed a two-headed ogre
 11084 | D:11     | Noticed PsychoBan's ghost (novice DsGl)
 11084 | D:11     | Identified the +7 great mace "Orb Guardian's Regret" {elec,
                  | rF+ rN+ rCorr}
 11084 | D:11     | Noticed a two-headed ogre
 11084 | D:11     | Noticed a two-headed ogre
 11084 | D:11     | Noticed a two-headed ogre
 11085 | D:11     | Found a transporter.
 11086 | D:11     | Noticed a two-headed ogre
 11089 | D:11     | Found a transporter.
 11236 | Lair:1   | Entered Level 1 of the Lair of Beasts
 11420 | Lair:1   | Reached skill level 12 in Fighting
 12155 | Lair:2   | Noticed Prince Ribbit
 12164 | Lair:2   | Noticed a six-headed hydra
 12165 | Lair:2   | Reached XP level 13. HP: 119/119 MP: 18/18
 12165 | Lair:2   | Killed Prince Ribbit
 12618 | Lair:2   | Identified the ring "Xuaru" {Fire rPois rN++ Will- Slay+2}
 12632 | Lair:2   | Found a staircase to the Snake Pit.
 12693 | Lair:2   | Reached ****** piety under Cheibriados
 12835 | Lair:2   | Found a staircase to the Shoals.
 13290 | Lair:3   | Noticed Urug
 13296 | Lair:3   | Killed Urug
 13366 | Lair:3   | Reached skill level 13 in Fighting
 13563 | Lair:3   | Noticed Amaemon
 13574 | Lair:3   | Killed Amaemon
 14327 | Lair:4   | Found a runed translucent door.
 14327 | Lair:4   | Found a viscous altar of Jiyva.
 14330 | Lair:4   | Found a staircase to the Slime Pits.
 14331 | Lair:4   | Noticed an acid blob
 14476 | Lair:4   | Reached skill level 10 in Invocations
 15039 | Lair:4   | Noticed an acid blob
 15063 | Lair:5   | Entered Level 5 of the Lair of Beasts
 15074 | Lair:4   | Reached XP level 14. HP: 97/130 MP: 9/20
 15255 | Lair:5   | Reached skill level 14 in Fighting
 16275 | Lair:5   | Reached skill level 15 in Fighting
 16292 | Lair:5   | Reached XP level 15. HP: 141/141 MP: 22/22
 16293 | Lair:5   | Reached XP level 16. HP: 149/149 MP: 23/23
 16948 | D:12     | Found a staircase to the Orcish Mines.
 17036 | D:12     | Noticed Nessos
 17038 | D:12     | Killed Nessos
 17440 | D:12     | Reached skill level 16 in Fighting
 17574 | D:12     | Reached XP level 17. HP: 150/158 MP: 24/24
 17612 | D:12     | Noticed Josephine
 17618 | D:12     | Killed Josephine
 17823 | Orc:1    | Entered Level 1 of the Orcish Mines
 18094 | Orc:1    | Found a frozen archway.
 18134 | IceCv    | Entered an ice cave
 18187 | IceCv    | Identified the +2 hat of Sophism {-Cast Rampage rC++ Str+2}
 18629 | IceCv    | Reached skill level 17 in Fighting
 18870 | Orc:2    | Entered Level 2 of the Orcish Mines
 19188 | Orc:2    | Found a staircase to the Elven Halls.
 19326 | Orc:2    | Found Qened's Antique Weapon Boutique.
 19620 | Orc:2    | Found Heskef's Antique Armour Shoppe.
 19621 | Orc:2    | Found Huant's Antique Weapon Emporium.
 19741 | Orc:2    | Found Nosiusoz's Book Shoppe.
 20860 | D:13     | Reached skill level 18 in Fighting
 21155 | D:14     | Noticed Frances
 21169 | D:14     | Killed Frances
 21445 | D:14     | Found a gate to the Vaults.
 21943 | D:15     | Entered Level 15 of the Dungeon
 21954 | D:15     | Reached skill level 5 in Ranged Weapons
 22008 | D:15     | Reached skill level 19 in Fighting
 22334 | D:15     | Found a staircase to the Depths.
 23156 | Shoals:1 | Entered Level 1 of the Shoals
 23312 | Shoals:1 | Noticed a kraken
 23320 | Shoals:1 | Killed a kraken
 23499 | Shoals:1 | Noticed Kirke
 23712 | Shoals:1 | Killed Kirke
 23766 | Shoals:1 | Identified the +3 sling of the Land of Plenty {heavy,
                  | *Corrode rPois Int+4 Dex+4}
 23865 | Shoals:1 | Killed from afar by a water nymph

Illustrated notes

Levels and vault maps discovered:
D:1:      sevenhm_arrival_forest_fort_large_4, layout_basic, serial_shops,
          nicolae_shop_tiny_waterfront,
          dreamdust_ecumenical_altar_drowned_temple
D:2:      layout_basic, serial_shops, shop
D:3:      layout_loops_corners, lemuel_coloured_pillars_altar,
          worldfamousw_hep_ancestral_shrine, uniq_grinder
D:4:      layout_basic, minmay_temple_entry_grid,
          chequers_serial_rivers_small_3, serial_library_hellmonk_small_corner
D:5:      minmay_general_purpose_star, layout_loops_cross,
          nicolae_qazlal_beasts_of_the_sky, mainiacjoe_overflow_catch_the_wave,
          kennysheep_nondescript, uniq_sigmund
D:6:      layout_rooms, enter_ossuary_1, hangedman_abyss_or_decor_stagger,
          eino_tiny_chamber, uniq_edmund, uniq_eustachio, uniq_menkaure
D:7:      layout_loops_cross, mainiacjoe_overflow_alcove_2, serial_shops,
          nicolae_shop_gibbet_a_chance
D:8:      layout_loops_ring, uniq_joseph, uniq_maurice
D:9:      layout_rooms, mainiacjoe_overflow_concentric_impassable,
          kennysheep_little_box, hex_intersection
D:10:     minmay_spotlight, layout_loops_ring,
          chequers_temple_overflow_statue_of_worship, uniq_gastronok
D:11:     kennysheep_blocky_hall, layout_rooms, hellmonk_lair_entry_icy,
          gammafunk_ghost_smash, minivault_20, serial_bayou_pond_b, st_stairs_5,
          fedhas_altar_2, uniq_erica, uniq_sonja
D:12:     layout_long_grid, david_orc_3, centaur_isle, uniq_nessos,
          uniq_josephine
D:13:     layout_loops_ring
D:14:     nicolae_cairo_tiling_large_dashed, layout_long_grid, uniq_frances
D:15:     hangedman_depths_entry_civil_slaughter, layout_basic,
          dreamdust_wishing_well
Temple:   hellmonk_temple_of_storms
Lair:1:   minmay_lair_oklob_chamber, layout_layer_cave,
          dreamdust_mushroom_princess, nzn_random_ring
Lair:2:   layout_cave_pods, minmay_shoals_entry_hut,
          guppyfry_snake_entry_garden, uniq_prince_ribbit2
Lair:3:   layout_regular_city, guppyfry_lair_drakes, uniq_urug, uniq_amaemon
Lair:4:   layout_roguey, slime_entry_2
Lair:5:   hangedman_lair_caniforms_friends, layout_big_grid,
          hangedman_lair_tendril_chambers, chequers_serial_rivers_micro_d
Shoals:1: layout_shoals, uniq_kirke
Orc:1:    layout_caves, portal_ice_cave_entry_animals_and_master
Orc:2:    grunt_orc_community_town_hall, layout_caves,
          grunt_orc_community_big_house_1, grunt_orc_community_big_house_1,
          grunt_orc_community_house_1, grunt_orc_community_house_2,
          grunt_orc_community_house_3, grunt_orc_community_house_2,
          grunt_orc_community_house_2, nicolae_orc_stalacmites

Skill      XL: |  1  2  3  4  5  6  7  8  9 10 11 12 13 14 15 16 17 |
---------------+----------------------------------------------------+-----
Fighting       | 4 5 6 7 8 9 11 12 13 15 16 19 | 19.3
Shields        | 4 5 6 7 8 9 11 12 13 | 13.1
Armour         | 4 5 6 7 8 9 11 12 13 14 | 14.9
Axes           | 3 4 5 6 7 8 9 10 12 13 16 17 18 | 18.9
Throwing       | 2 4 |  4.6
Invocations    | 2 4 5 7 8 10 11 | 11.9
Ranged Weapons | 4 6 |  6.5

Action                     |  1- 3 |  4- 6 |  7- 9 | 10-12 | 13-15 | 16-18 || total
---------------------------+-------+-------+-------+-------+-------+-------++-------
  Melee: War axe           |    86 |    92 |   291 |    79 |       |       ||   548
         Headbutt          |    12 |    13 |    49 |    69 |    76 |   117 ||   336
         Battleaxe         |       |       |       |   256 |   323 |   524 ||  1103
         Spear             |       |       |       |       |     6 |    26 ||    32
         Unarmed           |       |       |       |       |       |     2 ||     2
         Punch             |       |       |       |       |       |     1 ||     1
  Throw: Throwing net      |       |       |       |     1 |       |       ||     1
 Invoke: Bend Time         |       |       |       |     6 |     6 |     7 ||    19
         Slouch            |       |       |       |     2 |     4 |    15 ||    21
         Temporal Distorti |       |       |       |       |       |     2 ||     2
    Use: Scroll            |       |     3 |    11 |    10 |     6 |     6 ||    36
         Potion            |       |     1 |       |     1 |     2 |     3 ||     7
   Stab: Distracted        |       |       |       |       |     1 |       ||     1
 Armour: Scale mail        |    64 |    59 |   117 |       |       |       ||   240
         Chain mail        |       |       |    38 |    57 |       |    61 ||   156
         Quicksilver drago |       |       |       |   254 |   411 |   167 ||   832
         Crystal plate arm |       |       |       |       |       |   289 ||   289
         Plate armour      |       |       |       |       |       |   164 ||   164
         Skin              |       |       |       |       |       |    19 ||    19
  Dodge: Dodged            |    45 |    43 |   209 |   334 |   305 |   271 ||  1207
  Block: Buckler           |    22 |    13 |    85 |    24 |       |       ||   144
